 Dungeon Crawl Stone Soup version 0.21.1 (webtiles) character file.

20 Megalobster the Insei (level 2, -2/23 HPs)
             Began as a Gnoll Transmuter on Feb 3, 2018.
             Slain by a gnoll
             ... wielding a +2 whip of electrocution
              (20 damage)
             ... on level 2 of the Dungeon.
             The game lasted 00:01:47 (1132 turns).

Megalobster the Insei (Gnoll Transmuter)            Turns: 1132, Time: 00:01:48

Health: -2/23      AC:  2    Str: 12    XL:     2   Next: 79%
Magic:  7/7        EV: 14    Int: 15    God:
Gold:   35         SH:  0    Dex: 15    Spells: 7/10 levels left

rFire    . . .     SeeInvis .     - Unarmed
rCold    . . .     Gourm    .   (no shield)
rNeg     . . .     Faith    .   b - +0 robe
rPois    .         Spirit   .   (no helmet)
rElec    .         Reflect  .   (no cloak)
rCorr    .         Harm     .   (no gloves)
MR       .....                  (no boots)
Stlth    ++........             (no amulet)
HPRegen  0.07/turn              (no ring)
MPRegen  0.10/turn              (no ring)

@: no status effects
A: distributed training, fangs 1, strong nose
a: no special abilities


You were on level 2 of the Dungeon.
You were hungry.

You visited 1 branch of the dungeon, and saw 2 of its levels.

You collected 35 gold pieces.

Inventory:

Hand Weapons
 e - a +0 short sword
Missiles
 a - 12 arrows
 k - 44 stones (quivered)
Armour
 b - a +0 robe (worn)
 i - a +0 leather armour
Scrolls
 f - 3 scrolls of identify {unknown}
 h - 2 scrolls of noise {unknown}
 l - a scroll of remove curse {unknown}
 m - a scroll of blinking {unknown}
Potions
 g - 2 potions of haste {unknown}
 j - a potion of degeneration {unknown}
Books
 c - a book of Changes

   Spells                             Type                      Level
   a - Beastly Appendage              Transmutation                1
   b - Sticks to Snakes               Transmutation                2
   c - Spider Form                    Transmutation/Poison         3
   d - Ice Form                       Ice/Transmutation            4
   e - Blade Hands                    Transmutation                5
Comestibles
 d - 5 rations


   Skills:
 + Level 2.5 Fighting
 + Level 0.5 Short Blades
 + Level 0.5 Long Blades
 + Level 0.5 Axes
 + Level 0.5 Maces & Flails
 + Level 0.5 Polearms
 + Level 0.5 Staves
 + Level 0.5 Slings
 + Level 0.5 Bows
 + Level 0.5 Crossbows
 + Level 0.5 Throwing
 + Level 0.5 Armour
 + Level 4.5 Dodging
 + Level 0.5 Stealth
 + Level 0.5 Shields
 + Level 6.5 Unarmed Combat
 + Level 4.9 Spellcasting
 + Level 0.3 Conjurations
 + Level 0.3 Hexes
 + Level 0.3 Charms
 + Level 0.3 Summonings
 + Level 0.3 Necromancy
 + Level 0.3 Translocations
 + Level 3.7 Transmutations
 + Level 0.3 Fire Magic
 + Level 0.3 Ice Magic
 + Level 0.3 Air Magic
 + Level 0.3 Earth Magic
 + Level 0.3 Poison Magic
 + Level 0.6 Invocations
 + Level 0.5 Evocations


You had 7 spell levels left.
You knew the following spells:

 Your Spells              Type           Power        Failure   Level  Hunger
a - Beastly Appendage     Tmut           ##....       3%          1    None
b - Sticks to Snakes      Tmut           ##......     5%          2    ##.....


Dungeon Overview and Level Annotations

Branches:
Dungeon (2/15)

Altars:


Innate Abilities, Weirdness & Mutations

Your experience applies equally to all skills.
You have very sharp teeth.
Your uncanny sense of smell can sniff out nearby items.


Message History

You bite the dart slug, but do no damage.
The dart slug is almost dead.
You hear a shout!
You hit the dart slug.
You kill the dart slug!
You barely miss the frilled lizard. The frilled lizard bites you.
You take 1 damage, and have 22/23 hp.
You hit the frilled lizard.
You kill the frilled lizard!
The gnoll misses you.
Health restored: 23 You hit the gnoll.
You punch the gnoll. You bite the gnoll, but do no damage.
The gnoll is heavily wounded.
The gnoll hits you but does no damage.
You hit the gnoll but do no damage.
The gnoll is heavily wounded.
The gnoll hits you with a whip of electrocution.
You are electrocuted!
Ouch! That really hurt!
You die...

#.#.# #.# #.##..####.
##.#.#####.###.##.......
#.......##.##..........∆
..<.#......#.......#.#
#.......####..##.%.#
..............##...#.#.#.
#.......#####.##.....[...
#.......# #.##.#.#.###.
#........# #.##@#.#.#
##..<...... ..##g#.#
###..##.#.∆........
#.##.... ∆ #.#.## #.#.# ∆
#.#.# #.# #


You could see a gnoll.

Vanquished Creatures
  A dart slug (D:2)
  A leopard gecko (D:1)
  3 bats (D:1)
  A giant cockroach (D:1)
  A goblin (D:1)
  2 jackals (D:1)
  4 kobolds (D:1)
  3 frilled lizards
  A rat (D:1)
17 creatures vanquished.

Notes
Turn   | Place    | Note
-------+----------+-------------------------------------------
     0 | D:1      | Megalobster the Gnoll Transmuter began the quest for the Orb.
     0 | D:1      | Reached XP level 1. HP: 17/17 MP: 6/6
   368 | D:1      | Reached XP level 2. HP: 17/23 MP: 7/7
   504 | D:1      | Learned a level 2 spell: Sticks to Snakes
  1132 | D:2      | Slain by a gnoll

Action                   || total
-------------------------++-------
Melee: Unarmed           ||    48
       Bite              ||     4
       Punch             ||     2
       Headbutt          ||     1
 Cast: Beastly Appendage ||     2
 Stab: Sleeping          ||     1
Armor: Robe              ||     9
Dodge: Dodged            ||    32
